 Dungeon Crawl Stone Soup version 0.28.0-43-g3370ac3207 (webtiles) character file.

Game seed: 1795825903873813896

310 xzight the Skirmisher (level 6, -2/40 HPs)
             Began as a Gargoyle Fighter on Mar 7, 2022.
             Slain by an ogre
             ... wielding a +0 giant club
              (10 damage)
             ... on level 4 of the Dungeon.
             The game lasted 00:07:34 (2534 turns).

xzight the Skirmisher (Gargoyle Fighter)            Turns: 2534, Time: 00:07:35

Health: -2/40      AC: 11    Str: 21    XL:     6   Next: 41%
Magic:  6/6        EV:  9    Int:  9    God:
Gold:   183        SH:  4    Dex:  9    Spells: 5/5 levels left

rFire   + . .      SeeInvis .   a - +0 war axe
rCold   . . .      Faith    .   c - +0 buckler
rNeg    + . .      Spirit   .   b - +0 scale mail
rPois   ∞          Reflect  .   (no helmet)
rElec   +          Harm     .   q - scarf {repulsion}
rCorr   .          Rampage  .   (no gloves)
Will    .....                   (no boots)
Stlth   ..........              i - amulet of regeneration
HPRegen 0.93/turn               F - ring of protection from fire
MPRegen 0.10/turn               (no ring)

@: mighty, repel missiles
A: sickness immunity, AC +4, negative energy resistance 1, electricity
resistance, torment resistance 1, petrification resistance
a: no special abilities


You were on level 4 of the Dungeon.
You visited 1 branch of the dungeon, and saw 4 of its levels.

You collected 183 gold pieces.


Innate Abilities, Weirdness & Mutations

You are immune to sickness and miasma.
Your stone body is resilient. (AC +4)
You are immune to poison.
You resist negative energy. (rN+)
You are resistant to electric shocks. (rElec)
You are resistant to unholy torment.
You are immune to petrification.


   Skills:
 + Level 4.9 Fighting
 * Level 4.1 Axes
 + Level 4.9 Armour
 - Level 3.2 Shields


You had 5 spell levels left.
You didn't know any spells.
Your spell library was empty.

Inventory:

Hand Weapons
 a - a +0 war axe (weapon)
Armour
 b - a +0 scale mail (worn)
 c - a +0 buckler (worn)
 q - a scarf of repulsion (worn)
Magical Staves
 o - a staff of cold {!a}
Jewellery
 i - an amulet of regeneration (around neck)
 F - a ring of protection from fire (left hand)
Scrolls
 f - 2 scrolls of identify {unknown}
 j - a scroll of immolation {unknown}
 k - a scroll of vulnerability {unknown}
 l - a scroll of enchant armour {unknown}
 m - a scroll of teleportation {unknown}
 p - 2 scrolls of torment {unknown}
Potions
 d - 2 potions of might
 e - 2 potions of flight {unknown}
 g - a potion of heal wounds {unknown}
 h - 2 potions of brilliance {unknown}
 n - a potion of invisibility {unknown}

Dungeon Overview and Level Annotations

Branches:
Dungeon (4/15)
 Temple: D:4-7

Altars:

Shops:
D:1

= #.#
#.######### #.#
#.# #. #.# #.#
#.#### #....#
####.# #.# #@#
#O# #.#
#...........
..........####.
#.......#.#
....##.....
J##. ####.## #
#


You could see an ogre.


Message History

You barely miss the hound. The hound closely misses you.
You block the hound's attack.
You slice the hound!!
You kill the hound!
Your Axes skill increases to level 4!
You slash the jelly!
Your hands burn!
* * * LOW HITPOINT WARNING * * *
The jelly is heavily wounded.
The jelly closely misses you. x2
You slash the jelly!
You kill the jelly!
You slash the kobold!
You kill the kobold!
You start resting.
An ogre comes into view. It is wielding a +0 giant club.
You slash the ogre!
The ogre is moderately wounded.
The ogre barely misses you.
You barely miss the ogre.
The ogre is moderately wounded.
The ogre hits you with a +0 giant club!
* * * LOW HITPOINT WARNING * * *
You barely miss the ogre.
The ogre is moderately wounded.
The ogre hits you with a +0 giant club!
* * * LOW HITPOINT WARNING * * *
You barely miss the ogre.
The ogre is moderately wounded.
The ogre hits you with a +0 giant club!
You die...

Skill      XL: |  1  2  3  4  5  6 |
---------------+-------------------+-----
Axes           | 2 3 4 |  4.1
Fighting       | 4 |  4.9
Armour         | 4 |  4.9
Shields        | |  3.2

Action                   |  1- 3 |  4- 6 || total
-------------------------+-------+-------++-------
Melee: War axe           |   122 |    69 ||   191
  Use: Potion            |       |     1 ||     1
Armor: Scale mail        |    73 |    25 ||    98
Dodge: Dodged            |    74 |    30 ||   104
Block: Buckler           |    32 |     9 ||    41

Levels and vault maps discovered:
D:1:      lightli_arrival_statuegarden, layout_loops_corners, serial_shops, shop
D:2:      layout_basic, serial_forest, infiniplex_forest_clump_double,
          infiniplex_forest_join, infiniplex_forest_lined_room_3,
          infiniplex_forest_clump_curved, infiniplex_forest_clump_curved,
          infiniplex_forest_lined_room_
D:3:      layout_rooms, basic_ecumenical_altar
D:4:      minmay_clustersquares, layout_loops_ring, minmay_temple_entry_mist,
          serial_shops, nicolae_shop_stone, abandoned_shop

Notes
Turn   | Place    | Note
-------+----------+-------------------------------------------
     0 | D:1      | xzight the Gargoyle Fighter began the quest for the Orb.
     0 | D:1      | Reached XP level 1. HP: 14/14 MP: 1/1
   350 | D:1      | Reached skill level 2 in Axes
   360 | D:1      | Reached XP level 2. HP: 17/19 MP: 2/2
   870 | D:1      | Reached XP level 3. HP: 23/24 MP: 3/3
  1002 | D:1      | Found Febolut's Jewellery Emporium.
  1460 | D:2      | Reached skill level 4 in Fighting
  1460 | D:2      | Reached skill level 4 in Armour
  1605 | D:2      | Reached XP level 4. HP: 29/29 MP: 4/4
  2013 | D:3      | Found a faded altar of an unknown god.
  2360 | D:4      | Reached skill level 3 in Axes
  2429 | D:4      | Reached XP level 5. HP: 34/34 MP: 5/5
  2503 | D:4      | Noticed an ogre
  2517 | D:4      | Killed an ogre
  2518 | D:4      | Reached XP level 6. HP: 12/40 MP: 6/6
  2523 | D:4      | Reached skill level 4 in Axes
  2534 | D:4      | Slain by an ogre

Vanquished Creatures
  An ogre (D:4)
  A howler monkey (D:4)
  A jelly (D:4)
  A hound (D:4)
  2 gnolls (D:4)
  2 adders (D:2)
  A worm (D:3)
  3 dart slugs
  An orc (D:4)
  7 endoplasms
  7 giant cockroaches
  2 goblins (D:1)
  11 hobgoblins
  4 jackals (D:1)
  3 quokkas
  4 ball pythons
  5 bats
  6 frilled lizards
  7 kobolds
  6 rats
75 creatures vanquished.

Vanquished Creatures (others)
  10 plants (D:2)
10 creatures vanquished.

Grand Total: 85 creatures vanquished

Table legend: (Time is in decaauts)
 A = Elapsed time spent in this place.
 B = Non-inter-level travel time spent in this place.
 C = Inter-level travel time spent in this place.
 D = Time resting spent in this place.
 E = Time spent auto-exploring this place.
 F = Levels seen in this place.
 G = Mean time per level.
                   A        B        C        D        E       F      G
               +--------+--------+--------+--------+--------+-----+--------+
         Total |   2611 |   2529 |     82 |    387 |   1561 |   4 |  652.8 |
       Dungeon |   2611 |   2529 |     82 |    387 |   1561 |   4 |  652.8 |
               +--------+--------+--------+--------+--------+-----+--------+

Top non-repeatable levels by time:
     D:1: 1281 daAuts
     D:2: 702 daAuts
     D:3: 367 daAuts
     D:4: 260 daAuts

Table legend:
 A = Non-vault XP
 B = Vault XP
 C = Vault XP percentage of total XP
 D = Non-vault monster count
 E = Vault monster count
 F = Vault count percentage of total count
                 A         B        C        D         E       F
            +---------+---------+-------+---------+---------+-------
      Total |     444 |       0 |   0.0 |      75 |       0 |   0.0
            +---------+---------+-------+---------+---------+-------
        D:1 |      46 |       0 |   0.0 |      27 |       0 |   0.0
        D:2 |      64 |       0 |   0.0 |      25 |       0 |   0.0
        D:3 |      17 |       0 |   0.0 |       7 |       0 |   0.0
        D:4 |     317 |       0 |   0.0 |      16 |       0 |   0.0
            +---------+---------+-------+---------+---------+-------
